 Dungeon Sprint DCSS version 0.24-a0-244-ga6a6ab7 (webtiles) character file.

Game seed: 10671320255812211352

455 MikeHunt the Unseen (level 7, -12/60 HPs)
             Began as a Naga Assassin on Apr 10, 2019.
             Was an Initiate of Gozag.
             Mangled by a tyrant leech (32 damage)
             ... in the Dungeon (Sprint II: "The Violet Keep of Menkaure").
             The game lasted 00:01:48 (366 turns).

MikeHunt the Unseen (Naga Assassin)                  Turns: 366, Time: 00:01:48

Health: -12/60     AC:  4    Str: 13    XL:     7   Next: 5%
Magic:  7/7        EV: 14    Int: 11    God:    Gozag
Gold:   702        SH:  0    Dex: 20    Spells: 6/6 levels left

rFire    . . .     SeeInvis +   a - +2 dagger
rCold    . . .     Gourm    .   (no shield)
rNeg     . . .     Faith    .   c - +0 robe
rPois    +         Spirit   .   (no helmet)
rElec    .         Reflect  .   d - +0 cloak
rCorr    .         Harm     .   (no gloves)
MR       .....     NoTele   +   (no barding)
Stlth    +++++++...             (no amulet)
HPRegen  0.20/turn              (no ring)
MPRegen  0.10/turn              (no ring)

@: agile, gold aura, flying, very slightly contaminated, hasted, invisible,
quick
A: large, see invisible, deformed body, poison resistance, slowness 2, slow
metabolism 1, spit poison 1, AC +2
a: Spit Poison, Potion Petition, Call Merchant, Bribe Branch, Renounce Religion


You were in the Dungeon.
You worshipped Gozag.
Gozag was pleased with you.
You were not hungry.

You visited 1 branch You collected 702 gold pieces.

Inventory:

Hand Weapons
 a - a +2 dagger (weapon)
 b - a +0 blowgun
Missiles
 e - 8 poisoned needles
 f - 2 curare-tipped needles
Armour
 c - a +0 robe (worn)
 d - a +0 cloak (worn)
Scrolls
 m - a scroll of blinking
Potions
 h - a potion of curing
 j - a potion of haste
 k - 2 potions of magic
Comestibles
 g - a ration


   Skills:
 - Level 2.0 Fighting
 + Level 10.4 Short Blades
 - Level 1.7 Throwing
 - Level 0.7 Dodging
 + Level 15.8 Stealth


You had 6 spell levels left.
You didn't know any spells.
Your spell library was empty.

Dungeon Overview and Level Annotations

Branches:
Dungeon (1/1)

Altars:
Cheibriados
Dithmenos
Elyvilon
Fedhas
Gozag
Hepliaklqana
Kikubaaqudgha
Makhleb
Nemelex Xobeh
Okawaru
Qazlal
Ru
Sif Muna
Trog
Uskayaw
Vehumet
Wu Jian
Xom
Yredelemnul
Zin
The Shining One
Beogh
Jiyva
Lugonu


Innate Abilities, Weirdness & Mutations

You cannot wear boots.
Your serpentine skin is tough. (AC +2)
You have supernaturally acute eyesight. (SInv)
Armour fits poorly on your strangely shaped body.
Your system is resistant to poisons. (rPois)
You cover ground very slowly.
You have a slow metabolism.
You can spit poison.


Message History

You have reached level 7!
You now have 702 gold pieces (gained 117).
You reach down and open the door. 2 tyrant leeches come into view.
Found 243 gold pieces.
The tyrant leech bites you!
* * * LOW HITPOINT WARNING * * *
The tyrant leech draws strength from your injuries!
There is an open door, spattered with blood here.
You feel much better.
You hit the tyrant leech.
The tyrant leech is lightly wounded.
You miss the tyrant leech.
The tyrant leech is lightly wounded.
You closely miss the tyrant leech.
The tyrant leech is lightly wounded.
The tyrant leech bites you!!
Ouch! That really hurt!
You die...
Your body crumbles into a pile of gold.

##+# .. $ ##.# .####$
.### #..## ...# .^.#
####..# ###..## #^.#
#.###'###.##..# $+^.#
#$##.##..##..# #..#
#'.<.'##.'..### ..##
#$##.##..##...§###...
#.#
#@###.##......≈≈≈≈ $
##
#w#.####≈≈.....≈#+# $
$ #..
w.#≈≈≈≈§≈§..≈#_. $
##. .##≈≈≈§§≈≈≈.≈#._
$$ ##
##≈≈≈≈≈≈≈≈≈§≈#_. $
≈≈≈≈≈≈§≈≈≈≈≈≈#._
+++#≈§≈≈≈≈≈≈≈#.. $
##§≈§###≈≈#.. #≈≈
#≈≈#..


You could see 2 tyrant leeches.

Vanquished Creatures
  2 hippogriffs (D)
  4 worker ants (D)
  2 worms (D)
8 creatures vanquished.

Vanquished Creatures (others)
  Menkaure (D)
  A crocodile (D)
2 creatures vanquished.

Grand Total: 10 creatures vanquished

Notes
Turn   | Place    | Note
-------+----------+-------------------------------------------
     0 | D        | MikeHunt the Naga Assassin began the quest for the Orb.
     0 | D        | Reached XP level 1. HP: 19/19 MP: 1/1
     1 | D        | Noticed a worker ant
     1 | D        | Noticed a worker ant
     1 | D        | Noticed a worker ant
     1 | D        | Noticed a worker ant
     6 | D        | Killed a worker ant
     6 | D        | Reached skill level 8 in Stealth
     6 | D        | Reached XP level 2. HP: 26/26 MP: 2/2
     8 | D        | Reached skill level 5 in Short Blades
     8 | D        | Reached skill level 9 in Stealth
     8 | D        | Reached XP level 3. HP: 32/32 MP: 3/3
    12 | D        | Reached skill level 10 in Stealth
    12 | D        | Reached XP level 4. HP: 39/39 MP: 4/4
    17 | D        | Reached skill level 11 in Stealth
    28 | D        | Killed Menkaure
    71 | D        | Killed a crocodile
   184 | D        | Found an iron altar of Okawaru.
   184 | D        | Found an opulent altar of Gozag.
   185 | D        | Found a sparkling altar of Nemelex Xobeh.
   185 | D        | Found a blossoming altar of Fedhas.
   186 | D        | Found a radiant altar of Vehumet.
   186 | D        | Found a burning altar of Makhleb.
   186 | D        | Found a white marble altar of Elyvilon.
   187 | D        | Found a hide-covered altar of Uskayaw.
   187 | D        | Found a corrupted altar of Lugonu.
   187 | D        | Found a shadowy altar of Dithmenos.
   188 | D        | Found a glowing silver altar of Zin.
   188 | D        | Found a bloodstained altar of Trog.
   188 | D        | Found an ancient bone altar of Kikubaaqudgha.
   189 | D        | Found a basalt altar of Yredelemnul.
   189 | D        | Found a deep blue altar of Sif Muna.
   189 | D        | Found a viscous altar of Jiyva.
   189 | D        | Found a snail-covered altar of Cheibriados.
   190 | D        | Found a shimmering altar of Xom.
   190 | D        | Found a sacrificial altar of Ru.
   192 | D        | Found a glowing golden altar of the Shining One.
   192 | D        | Found an ornate altar of the Wu Jian Council.
   192 | D        | Found a stormy altar of Qazlal.
   192 | D        | Found a hazy altar of Hepliaklqana.
   193 | D        | Found a roughly hewn altar of Beogh.
   196 | D        | Noticed a crocodile
   200 | D        | Became a worshipper of Gozag Ym Sagoz the Greedy
   334 | D        | Noticed a flying skull
   334 | D        | Noticed a flying skull
   341 | D        | Noticed a hippogriff
   341 | D        | Noticed a hippogriff
   353 | D        | Killed a hippogriff
   353 | D        | Reached skill level 14 in Stealth
   353 | D        | Reached XP level 5. HP: 21/45 MP: 5/5
   353 | D        | Reached XP level 6. HP: 24/52 MP: 6/6
   357 | D        | Killed a hippogriff
   357 | D        | Reached skill level 10 in Short Blades
   357 | D        | Reached skill level 15 in Stealth
   357 | D        | Reached XP level 7. HP: 12/60 MP: 7/7
   361 | D        | Noticed a tyrant leech
   361 | D        | Noticed a tyrant leech
   362 | D        | HP: 2/60 [tyrant leech (11)]
   366 | D        | Mangled by a tyrant leech

Levels and vault maps discovered:
D:        the_violet_keep_of_menkaure [sprint2_stairs_cluster_1,
          sprint2_shoproom, sprint2_temple, sprint2_basic_supplies,
          sprint2_obstacle_2, sprint2_obstacle_3, sprint2_obstacle_1,
          sprint2_obstacle_5, sprint2_obstacle_7, sprint2_timed_cluster_1,
          sprint2_smallroom_cluster_1, sprint2_smallroom_final_cluster_1,
          sprint2_transparent_cluster_1, sprint2_second_timed_cluster_1,
          sprint2_sniper_area_1, sprint2_heavy_combat_area_1,
          sprint2_mutation_trap_area_1, sprint2_forest_area_1,
          sprint2_light_combat_area_1, sprint2_behind_water_1,
          sprint2_near_end_vault_1]

Skill      XL: |  1  2  3  4  5  6 |
---------------+-------------------+-----
Short Blades   | 4 5 9 10 | 10.4
Stealth        | 8 9 10 14 15 | 15.8
Fighting       | |  2.0
Throwing       | |  1.7
Dodging        | |  0.7

Action                   |  1- 3 |  4- 6 |  7- 9 || total
-------------------------+-------+-------+-------++-------
Melee: Dagger            |    10 |    18 |     3 ||    31
Invok: Potion Petition   |       |     1 |       ||     1
  Use: Potion            |     1 |       |     1 ||     2
 Stab: Sleeping          |       |     2 |       ||     2
       Invisible         |       |     2 |       ||     2
Armor: Robe              |       |     2 |       ||     2
Dodge: Dodged            |     2 |    10 |       ||    12

Table legend:
 A = Non-vault XP
 B = Vault XP
 C = Vault XP percentage of total XP
 D = Non-vault monster count
 E = Vault monster count
 F = Vault count percentage of total count
                 A         B        C        D         E       F
            +---------+---------+-------+---------+---------+-------
      Total |       0 |     650 | 100.0 |       0 |       8 | 100.0
            +---------+---------+-------+---------+---------+-------
          D |       0 |     650 | 100.0 |       0 |       8 | 100.0
            +---------+---------+-------+---------+---------+-------
